TOP OF THE 1ST |
Washington Huskies batting - Pitching for Stanford Cardinal : RHP Dale Polk
|
Pitching: RHP Dale Polk
|
|
Batting: RHB Jeff O'Toole
|
0-0: Called Strike 0-1: Ground out 5-3 (Groundball, 56)
|
Batting: SHB José Ruíz
|
0-0: Ground out 4-3 (Groundball, 4)
|
Batting: RHB Jack Dean
|
0-0: Ball 1-0: Called Strike 1-1: Swinging Strike 1-2: Foul Ball, location: 2F 1-2: Ball 2-2: Foul Ball, location: 2F 2-2: Strikes out swinging
|
Top of the 1st over - 0 run(s), 0 hit(s), 0 error(s), 0 left on base; Washington 0 - Stanford 0 |
BOTTOM OF THE 1ST |
Stanford Cardinal batting - Pitching for Washington Huskies : LHP Steve Sosa
|
Pitching: LHP Steve Sosa
|
|
Batting: RHB Rory Howard
|
0-0: Called Strike 0-1: Swinging Strike 0-2: Ball 1-2: SINGLE (Groundball, 4MD)
|
Batting: LHB Geoffrey Bird
|
0-0: Called Strike 0-1: Ball 1-1: Swinging Strike 1-2: Ball Rory Howard is caught stealing 2nd base 2-2: Ball 3-2: Fly out, F3 (Popup, 3L)
|
Batting: RHB Fernando Vargas
|
0-0: Ground out 3-1 (Groundball, 34D)
|
Bottom of the 1st over - 0 run(s), 1 hit(s), 0 error(s), 0 left on base; Washington 0 - Stanford 0 |
TOP OF THE 2ND |
Washington Huskies batting - Pitching for Stanford Cardinal : RHP Dale Polk
|
Batting: RHB Tomás Fernández
|
0-0: Ball 1-0: Ball 2-0: Called Strike 2-1: Ground out 4-3 (Groundball, 4)
|
Batting: RHB Ben Johnson
|
0-0: Called Strike 0-1: Foul Ball, location: 2F 0-2: Ball 1-2: Foul Ball, location: 2F 1-2: Ball 2-2: Foul Ball, location: 2F 2-2: Strikes out swinging, 2-3 out at first.
|
Batting: RHB Toby Hurley
|
0-0: Ball 1-0: Called Strike 1-1: Called Strike 1-2: Foul Ball, location: 2F 1-2: Strikes out swinging
|
Top of the 2nd over - 0 run(s), 0 hit(s), 0 error(s), 0 left on base; Washington 0 - Stanford 0 |
BOTTOM OF THE 2ND |
Stanford Cardinal batting - Pitching for Washington Huskies : LHP Steve Sosa
|
Batting: RHB Scott McGuire
|
0-0: Ball 1-0: Ball 2-0: Swinging Strike 2-1: Foul Ball, location: 2F 2-2: Ground out 6-3 (Groundball, 6)
|
Batting: RHB Rick McDonald
|
0-0: Ball 1-0: Foul Ball, location: 2F 1-1: Foul Ball, location: 2F 1-2: Foul Ball, location: 2F 1-2: Foul Ball, location: 2F 1-2: Ball 2-2: Foul Ball, location: 2F 2-2: Fly out, F9 (Flyball, 9LM)
|
Batting: RHB Jimmie Powell
|
0-0: Ball 1-0: SINGLE (Line Drive, 6M)
|
Batting: SHB Haywood Bass
|
0-0: Called Strike 0-1: Ball 1-1: Called Strike 1-2: Foul Ball, location: 2F 1-2: Ball 2-2: Ball 3-2: Foul Ball, location: 2F 3-2: SINGLE (Groundball, 6MD) Jimmie Powell to second Jimmie Powell to third
|
Batting: RHB Jake Jeffries
|
0-0: Called Strike 0-1: Ball 1-1: Ball 2-1: Ball 3-1: Base on Balls Haywood Bass to second
|
Batting: RHB Dylan Wolf
|
0-0: Ball 1-0: Foul Ball, location: 2F 1-1: Foul Ball, location: 2F 1-2: Strikes out swinging
|
Bottom of the 2nd over - 0 run(s), 2 hit(s), 0 error(s), 3 left on base; Washington 0 - Stanford 0 |
TOP OF THE 3RD |
Washington Huskies batting - Pitching for Stanford Cardinal : RHP Dale Polk
|
Batting: RHB Samuel Robbins
|
0-0: Ball 1-0: Foul Ball, location: 2F 1-1: Ball 2-1: Foul Ball, location: 2F 2-2: Foul Ball, location: 2F 2-2: Strikes out swinging
|
Batting: RHB Erik Carbajal
|
0-0: Called Strike 0-1: Called Strike 0-2: SINGLE (Line Drive, 56D)
|
Batting: RHB Jim Hooper
|
0-0: Foul Ball, location: 2F 0-1: Swinging Strike 0-2: Ball 1-2: Ball 2-2: Ball 3-2: Foul Ball, location: 2F 3-2: SINGLE (Line Drive, 3) Erik Carbajal to second Runner from 2nd tries for 3rd, SAFE, throw made to third
|
Batting: RHB Jeff O'Toole
|
0-0: Ball 1-0: Grounds into double play, 6-4-3 (Groundball, 6)
|
Top of the 3rd over - 0 run(s), 2 hit(s), 0 error(s), 1 left on base; Washington 0 - Stanford 0 |
BOTTOM OF THE 3RD |
Stanford Cardinal batting - Pitching for Washington Huskies : LHP Steve Sosa
|
Batting: RHB Rory Howard
|
0-0: Called Strike 0-1: Foul Ball, location: 2F 0-2: Ball 1-2: Ball 2-2: Ball 3-2: Base on Balls
|
Batting: LHB Geoffrey Bird
|
0-0: Ball 1-0: Foul Ball, location: 2F 1-1: Foul Ball, location: 2F 1-2: Foul Ball, location: 2F 1-2: Ball 2-2: Fly out, F7 (Line Drive, 7D)
|
Batting: RHB Fernando Vargas
|
0-0: Ball 1-0: Ball 2-0: Foul Ball, location: 2F 2-1: Foul Ball, location: 2F 2-2: Foul Ball, location: 2F 2-2: Foul Ball, location: 2F 2-2: SINGLE (Groundball, 56D) Rory Howard to second
|
Batting: RHB Scott McGuire
|
0-0: Called Strike 0-1: Ball 1-1: Ball 2-1: Foul Ball, location: 2F 2-2: Ball 3-2: SINGLE (Groundball, 34D) Rory Howard to third Fernando Vargas to second Runner from 3rd tries for Home, SAFE, no throw
|
Batting: RHB Rick McDonald
|
0-0: Ball 1-0: Ball 2-0: Ball 3-0: Base on Balls Fernando Vargas to third Scott McGuire to second
|
Batting: RHB Jimmie Powell
|
0-0: Swinging Strike 0-1: Foul Ball, location: 2F 0-2: Ball 1-2: Strikes out swinging
|
Batting: SHB Haywood Bass
|
0-0: Called Strike 0-1: Called Strike 0-2: Strikes out looking
|
Bottom of the 3rd over - 1 run(s), 2 hit(s), 0 error(s), 3 left on base; Washington 0 - Stanford 1 |
TOP OF THE 4TH |
Washington Huskies batting - Pitching for Stanford Cardinal : RHP Dale Polk
|
Batting: SHB José Ruíz
|
0-0: Foul Ball, location: 2F 0-1: Called Strike 0-2: Foul Ball, location: 2F 0-2: Ball 1-2: Strikes out looking
|
Batting: RHB Jack Dean
|
0-0: Ball 1-0: Foul Ball, location: 2F 1-1: Ball 2-1: Called Strike 2-2: Ball 3-2: Base on Balls
|
Batting: RHB Tomás Fernández
|
0-0: Ball 1-0: Called Strike 1-1: Called Strike 1-2: Ball Jack Dean is caught stealing 2nd base 2-2: Ball 3-2: Strikes out looking
|
Top of the 4th over - 0 run(s), 0 hit(s), 0 error(s), 0 left on base; Washington 0 - Stanford 1 |
BOTTOM OF THE 4TH |
Stanford Cardinal batting - Pitching for Washington Huskies : LHP Steve Sosa
|
Batting: RHB Jake Jeffries
|
0-0: Foul Ball, location: 2F 0-1: Foul Ball, location: 2F 0-2: Ball 1-2: Foul Ball, location: 2F 1-2: Foul Ball, location: 2F 1-2: Fly out, F8 (Flyball, 89D)
|
Pitching: RHP John Calhoun
|
|
Batting: RHB Dylan Wolf
|
0-0: Called Strike 0-1: Ball 1-1: Ball 2-1: Ground out 4-3 (Groundball, 4M)
|
Batting: RHB Rory Howard
|
0-0: Ball 1-0: Fly out, F9 (Flyball, 9D)
|
Bottom of the 4th over - 0 run(s), 0 hit(s), 0 error(s), 0 left on base; Washington 0 - Stanford 1 |
TOP OF THE 5TH |
Washington Huskies batting - Pitching for Stanford Cardinal : RHP Dale Polk
|
Batting: RHB Ben Johnson
|
0-0: Foul Ball, location: 2F 0-1: Ball 1-1: Ball 2-1: Ball 3-1: Base on Balls
|
Batting: RHB Toby Hurley
|
0-0: Ball 1-0: Ball 2-0: Ball 3-0: Called Strike 3-1: Called Strike 3-2: Strikes out looking
|
Batting: RHB Samuel Robbins
|
0-0: Called Strike 0-1: Foul Ball, location: 2F 0-2: Fly out, F9 (Flyball, 9LM)
|
Batting: RHB Erik Carbajal
|
0-0: Called Strike 0-1: Swinging Strike 0-2: Ball 1-2: Ground out 1-3 (Groundball, 13)
|
Top of the 5th over - 0 run(s), 0 hit(s), 0 error(s), 1 left on base; Washington 0 - Stanford 1 |
BOTTOM OF THE 5TH |
Stanford Cardinal batting - Pitching for Washington Huskies : RHP John Calhoun
|
Batting: LHB Geoffrey Bird
|
0-0: Foul Ball, location: 2F 0-1: Called Strike 0-2: Fly out, F4 (Popup, 4MS)
|
Batting: RHB Fernando Vargas
|
0-0: Ball 1-0: Called Strike 1-1: Called Strike 1-2: Ball 2-2: Strikes out swinging
|
Batting: RHB Scott McGuire
|
0-0: Called Strike 0-1: Called Strike 0-2: Ball 1-2: Ball 2-2: Ball 3-2: Foul Ball, location: 2F 3-2: Foul Ball, location: 2F 3-2: Ground out 4-3 (Groundball, 4)
|
Bottom of the 5th over - 0 run(s), 0 hit(s), 0 error(s), 0 left on base; Washington 0 - Stanford 1 |
TOP OF THE 6TH |
Washington Huskies batting - Pitching for Stanford Cardinal : RHP Dale Polk
|
Batting: RHB Jim Hooper
|
0-0: Ball 1-0: Swinging Strike 1-1: Foul Ball, location: 2F 1-2: Strikes out swinging, 2-3 out at first.
|
Pitching: RHP Michael Saunders
|
|
Batting: RHB Jeff O'Toole
|
0-0: Ball 1-0: Called Strike 1-1: Called Strike 1-2: Ball 2-2: Ball 3-2: Strikes out swinging
|
Batting: SHB José Ruíz
|
0-0: Called Strike 0-1: Called Strike 0-2: Ball 1-2: Strikes out swinging
|
Top of the 6th over - 0 run(s), 0 hit(s), 0 error(s), 0 left on base; Washington 0 - Stanford 1 |
BOTTOM OF THE 6TH |
Stanford Cardinal batting - Pitching for Washington Huskies : RHP John Calhoun
|
Batting: RHB Rick McDonald
|
0-0: Called Strike 0-1: Swinging Strike 0-2: Ball 1-2: Ball 2-2: Foul Ball, location: 2F 2-2: Foul Ball, location: 2F 2-2: SOLO HOME RUN (Flyball, 7D), Distance : 352 ft
|
Batting: RHB Jimmie Powell
|
0-0: Ground out 6-3 (Groundball, 6)
|
Batting: SHB Haywood Bass
|
0-0: Called Strike 0-1: Ball 1-1: Bunted foul 1-2: Ground out U3 (Groundball, 3L)
|
Batting: RHB Jake Jeffries
|
0-0: SOLO HOME RUN (Flyball, 7D), Distance : 358 ft
|
Batting: RHB Dylan Wolf
|
0-0: Called Strike 0-1: Foul Ball, location: 2F 0-2: Foul Ball, location: 2F 0-2: Strikes out swinging
|
Bottom of the 6th over - 2 run(s), 2 hit(s), 0 error(s), 0 left on base; Washington 0 - Stanford 3 |
TOP OF THE 7TH |
Washington Huskies batting - Pitching for Stanford Cardinal : RHP Michael Saunders
|
Batting: RHB Jack Dean
|
0-0: Ball 1-0: Foul Ball, location: 2F 1-1: Foul Ball, location: 2F 1-2: Foul Ball, location: 2F 1-2: Foul Ball, location: 2F 1-2: Ground out 6-3 (Groundball, 6)
|
Batting: RHB Tomás Fernández
|
0-0: Ball 1-0: Ball 2-0: Called Strike 2-1: Ball 3-1: Ground out 5-3 (Groundball, 5L)
|
Batting: RHB Ben Johnson
|
0-0: Ball 1-0: Ball 2-0: Ball 3-0: Called Strike 3-1: Base on Balls
|
Batting: RHB Toby Hurley
|
0-0: Ball 1-0: Ball 2-0: Ball 3-0: Base on Balls Ben Johnson to second
|
Batting: RHB Samuel Robbins
|
0-0: Ball 1-0: Fielders Choice at 2nd, 6-4 (Groundball, 6)
|
Top of the 7th over - 0 run(s), 0 hit(s), 0 error(s), 1 left on base; Washington 0 - Stanford 3 |
BOTTOM OF THE 7TH |
Stanford Cardinal batting - Pitching for Washington Huskies : RHP John Calhoun
|
Batting: RHB Rory Howard
|
0-0: Swinging Strike 0-1: Ball 1-1: Swinging Strike 1-2: Strikes out swinging
|
Batting: LHB Geoffrey Bird
|
0-0: Ball 1-0: SOLO HOME RUN (Flyball, 89XD), Distance : 389 ft
|
Pitching: RHP Tim Lowry
|
|
Batting: RHB Fernando Vargas
|
0-0: Swinging Strike 0-1: Ball 1-1: Called Strike 1-2: Foul Ball, location: 2F 1-2: Ball 2-2: Strikes out swinging
|
Batting: RHB Scott McGuire
|
0-0: Ground out 6-3 (Groundball, 6D)
|
Bottom of the 7th over - 1 run(s), 1 hit(s), 0 error(s), 0 left on base; Washington 0 - Stanford 4 |
TOP OF THE 8TH |
Washington Huskies batting - Pitching for Stanford Cardinal : RHP Michael Saunders
|
Batting: RHB Erik Carbajal
|
0-0: Called Strike 0-1: Foul Ball, location: 2F 0-2: Ball 1-2: SINGLE (Flyball, 9LS)
|
Batting: RHB Jim Hooper
|
0-0: Ball 1-0: Ball 2-0: Swinging Strike 2-1: Foul Ball, location: 2F 2-2: DOUBLE (Line Drive, 89M) Erik Carbajal to third
|
Batting: RHB Jeff O'Toole
|
0-0: Called Strike 0-1: Foul Ball, location: 2F 0-2: Strikes out swinging
|
Pitching: RHP Marc Miller
|
|
Batting: SHB José Ruíz
|
0-0: Ball 1-0: Called Strike 1-1: Foul Ball, location: 2F 1-2: SINGLE (Groundball, 4MD) Erik Carbajal scores Jim Hooper to third
|
Batting: RHB Jack Dean
|
0-0: Called Strike 0-1: Foul Ball, location: 2F 0-2: Foul Ball, location: 2F 0-2: Ball 1-2: Strikes out swinging
|
Batting: RHB Tomás Fernández
|
0-0: Ball 1-0: Foul Ball, location: 2F 1-1: Fielders Choice at 2nd, 6-4 (Groundball, 6)
|
Top of the 8th over - 1 run(s), 3 hit(s), 0 error(s), 1 left on base; Washington 1 - Stanford 4 |
BOTTOM OF THE 8TH |
Stanford Cardinal batting - Pitching for Washington Huskies : RHP Tim Lowry
|
Batting: RHB Rick McDonald
|
0-0: Ball 1-0: Ball 2-0: Ball 3-0: Called Strike 3-1: Called Strike 3-2: Base on Balls
|
Batting: RHB Jimmie Powell
|
0-0: Bunted foul 0-1: Sac Bunt - play at second, runner OUT! 1-6
|
Batting: SHB Haywood Bass
|
0-0: SINGLE (Flyball, 8RS) Jimmie Powell to second
|
Batting: RHB Jake Jeffries
|
0-0: Swinging Strike 0-1: Ball 1-1: Foul Ball, location: 2F 1-2: Ball 2-2: Foul Ball, location: 2F 2-2: Grounds into double play, 5-4-3 (Groundball, 56)
|
Bottom of the 8th over - 0 run(s), 1 hit(s), 0 error(s), 1 left on base; Washington 1 - Stanford 4 |
TOP OF THE 9TH |
Washington Huskies batting - Pitching for Stanford Cardinal : RHP Marc Miller
|
Pitching: RHP Chris Miles
|
|
Now at SS: Millard Long
|
|
Batting: RHB Ben Johnson
|
0-0: Ball 1-0: Ball 2-0: Ball 3-0: Called Strike 3-1: Fly out, F9 (Flyball, 89M)
|
Batting: RHB Toby Hurley
|
0-0: Ground out 5-3 (Groundball, 56S)
|
Batting: RHB Samuel Robbins
|
0-0: Ball 1-0: Ball 2-0: Ball 3-0: Base on Balls
|
Batting: RHB Erik Carbajal
|
0-0: Ball 1-0: Ball 2-0: Ball 3-0: Base on Balls Samuel Robbins to second
|
Pinch Hitting: RHB Jeff Shephard
|
0-0: Ball 1-0: Fielders Choice at 2nd, 5-4 (Groundball, 56)
|
Top of the 9th over - 0 run(s), 0 hit(s), 0 error(s), 1 left on base; Washington 1 - Stanford 4 |
|